 Dungeon Crawl Stone Soup version 0.23.1 (webtiles) character file.

Game seed: 2438599798098139395

28 Borgoz the Skirmisher (level 3, -2/31 HPs)
             Began as a Ghoul Monk on Mar 18, 2019.
             Slain by a gnoll
             ... wielding a +0 halberd
              (13 damage)
             ... on level 2 of the Dungeon.
             The game lasted 00:01:55 (603 turns).

Borgoz the Skirmisher (Ghoul Monk)                   Turns: 603, Time: 00:01:56

Health: -2/31      AC:  5    Str: 17    XL:     3   Next: 14%
Magic:  2/2        EV: 12    Int:  6    God:
Gold:   73         SH:  0    Dex: 11    Spells: 2/2 levels left

rFire    . . .     SeeInvis .   a - +0 short sword
rCold    + . .     Gourm    .   (no shield)
rNeg     + + +     Faith    .   h - +0 ring mail
rPois    ∞         Spirit   .   (no helmet)
rElec    .         Reflect  .   (no cloak)
rCorr    .         Harm     .   (no gloves)
MR       .....                  (no boots)
Stlth    +.........             (no amulet)
HPRegen  0.00/turn              f - +3 ring of strength
MPRegen  0.08/turn              (no ring)

@: rotting
A: rotting body, claws 1, carnivore, cold resistance 1, negative energy
resistance 3, inhibited regeneration, torment resistance, unbreathing
a: no special abilities


You were on level 2 of the Dungeon.
You were not hungry.

You visited 1 branch of the dungeon, and saw 2 of its levels.

You collected 73 gold pieces.

Inventory:

Hand Weapons
 a - a +0 short sword (weapon)
Armour
 h - a +0 ring mail (worn)
Jewellery
 f - a +3 ring of strength (left claw)
Scrolls
 b - 3 scrolls of remove curse {unknown}
 d - a scroll of magic mapping {unknown}
Comestibles
 c - 6 rations
 g - a chunk of flesh


   Skills:
 + Level 3.5 Fighting
 + Level 3.0 Short Blades
 + Level 3.2 Dodging
 + Level 2.4 Stealth


You had 2 spell levels left.
You didn't know any spells.
Your spell library was empty.

Dungeon Overview and Level Annotations

Branches:
Dungeon (2/15)

Altars:


Innate Abilities, Weirdness & Mutations

Your body is rotting away.
You thrive on raw meat.
You are immune to poison.
You have sharp fingernails.
You are carnivorous and can eat meat at any time.
Your flesh is cold resistant. (rC+)
You are immune to negative energy. (rN+++)
You do not regenerate when monsters are visible.
You are immune to unholy pain and torment.
You can survive without breathing.


Message History

You struggle against the net.
The gnoll hits you but does no damage. The gnoll barely misses you.
You struggle against the net.
The gnoll barely misses you. The gnoll hits you.
The gnoll hits you but does no damage.
You rip the net and break free!
The gnoll completely misses you. The gnoll hits you. The gnoll misses you.
It was a potion of lignification.
You feel woody for a moment. The gnoll barely misses you. The gnoll hits you.
* * * LOW HITPOINT WARNING * * *
The gnoll closely misses you.
It was a potion of berserk rage.
You cannot raise a blood rage in your lifeless body.
The gnoll hits you.
* * * LOW HITPOINT WARNING * * *
The gnoll hits you from afar with a +0 halberd.
* * * LOW HITPOINT WARNING * * *
The gnoll misses you.
It was a potion of curing.
You feel better. The gnoll closely misses you.
The gnoll hits you from afar with a +0 halberd!
You die...

#. #..#...# ....
#.....
##.#.###.#.#####
#..............######
.#..#..#..###.##...#
##...###.# #......#
.g#..#..# #.#.#..#
#g#$..## #......#
#@.### #.#.#..###
#g#.# #.........
#.##.# #.####.#.# ..#
#.# #.# #.... ### #.#
#.####.... #.#
#........# #.#
#.####...# #.# #.#
#>..# # #.# #...#


You could see 3 gnolls.

Vanquished Creatures
  An ooze (D:1)
  A dart slug (D:1)
  A giant cockroach (D:1)
  4 goblins (D:1)
  3 hobgoblins (D:1)
  2 jackals (D:1)
  2 kobolds (D:1)
  2 bats (D:1)
  3 frilled lizards (D:1)
  A rat (D:1)
20 creatures vanquished.

Notes
Turn   | Place    | Note
-------+----------+-------------------------------------------
     0 | D:1      | Borgoz the Ghoul Monk began the quest for the Orb.
     0 | D:1      | Reached XP level 1. HP: 19/19 MP: 0/0
   161 | D:1      | Reached XP level 2. HP: 25/26 MP: 1/1
   506 | D:1      | Reached XP level 3. HP: 21/31 MP: 2/2
   603 | D:2      | Slain by a gnoll

Skill      XL: |  1  2 |
---------------+-------+-----
Dodging        | 3 |  3.2
Short Blades   | 3 |  3.0
Fighting       | |  3.5
Stealth        | |  2.4

Action                   || total
-------------------------++-------
Melee: Short sword       ||    74
  Use: Potion            ||     3
 Stab: Sleeping          ||     2
  Eat: Chunk             ||     5
Armor: Robe              ||     1
       Ring mail         ||    19
Dodge: Dodged            ||    48
